Mandevil, chaotic male elven Ranger ------- ------ -------------- |......# ##.....| --------- |............| |.....|# # |....| #-.......| .............| |.....|#### |....-###########|...>...| |............| |.....|## ------ #--------- #.<...........| |.....-## ###############-----------.-- |.....|# # # ############# -------# # ### # # # # # ### ### # ### ##### ####### # ------- # # # # -.--+-.- ###|.!.(.| ----+----- ### ###################@B#### |......| #-....!| |........-#######------.---------# |......| #0|*.[..| |........| #...............|# |......| ------- |......... #|..............|# |......| -------#-- |..............-# |......| ---------------- |......| -------- Mandevil the Lookout Experience level: 5 Strength: 15 Dexterity: 9 Constitution: 13 Intelligence: 14 Wisdom: 14 Charisma: 10 Health: 0(30) Energy: 20(20) AC: 0 Gold: 16 Moves: 1004 Your Inventory: Coins $ - 16 gold pieces Weapons a - an uncursed +1 elven dagger (weapon in hand) b - an uncursed +1 elven bow (alternate weapon; not wielded) c - 56 uncursed +2 elven arrows d - 23 uncursed +0 elven arrows (in quiver) i - 2 [uncursed +0] elven daggers r - a [blessed +0] crude dagger [orcish] Armor e - an uncursed +2 elven cloak (being worn) j - an [uncursed] +0 elven mithril-coat (being worn) s - an [uncursed +0] iron skull cap [orcish helm] Comestibles f - 5 uncursed lembas wafers p - an [uncursed] carrot Scrolls k - an [uncursed] scroll called identify [of identify] n - an [uncursed] scroll labeled ZELGO MER [of magic mapping] Potions g - a [cursed] clear potion [of unholy water] h - an [uncursed] clear potion [of water] Wands o - an [uncursed] forked wand [of digging (0:8)] Tools q - an [uncursed] looking glass [mirror] Gems m - an [uncursed] yellowish brown gem [amber] Spells known in the end: Name Level Category Fail Memory Your skills at the end: Fighting Skills Weapon Skills dagger [Basic / Expert] bow [Basic / Expert] Spellcasting Skills Final Attributes: You were devoutly aligned. Hunger level was 375. Your alignment was 14 / 15. Monster difficulty range was 0 - 3. Level difficulty was 2. You were immune to sleep. You saw invisible. You were telepathic. You had automatic searching. You had infravision. You were stealthy. Your luck was zero. You are dead. Vanquished creatures: a small mimic 2 floating eyes a kobold lord a giant bat 2 hobbits 2 giant rats 2 geckos 7 jackals a goblin 2 sewer rats a grid bug a lichen 3 newts 26 creatures vanquished. Voluntary challenges: You were an atheist. You were illiterate. You used a wielded weapon 25 times. You put on armor 3 times. You were wearing only elven armor. You never genocided any monsters. You never polymorphed an object. You never changed form. You used no wishes. You never wrote Elbereth's name. You never encountered a bones level. You never used any Sokoban shortcuts. Dungeon overview: The Dungeons of Doom: levels 1 to 2 Level 1 a fountain a long staircase Level 2 <- You were here a general store History has recorded: On T:1 you entered the Dungeons of Doom to retrieve the Amulet of Yendor! On T:371 you reached level 2 of The Dungeons of Doom. On T:376 you advanced to experience level 2. On T:473 you advanced to experience level 3. On T:547 you advanced to experience level 4. On T:891 you advanced to experience level 5. Latest messages: a - an uncursed +1 elven dagger (weapon in hand). b - an uncursed +1 elven bow (alternate weapon; not wielded). [HP+1=30] You displaced Micka. You hear some noises in the distance. (2x) You kill the goblin! r - a crude dagger. s - an iron skull cap. The gecko bites! [HP-1=29] You kill the gecko! [HP+1=30] The giant bat misses. The giant bat just misses! You miss the giant bat. The giant bat bites! (2x) [HP-6=24] You hit the giant bat. The giant bat bites! (2x) [HP-7=17] The giant bat bites! [HP-6=11] The giant bat bites! [HP-6=5] The giant bat bites! You die... Final status: Goodbye Mandevil the Ranger... You died in The Dungeons of Doom on dungeon level 2 with 813 points, and 16 pieces of gold, after 1004 moves. You were level 5 with a maximum of 30 hit points when you died.